 Dungeon Crawl Stone Soup version 0.31.0-1-g2c135a0 (webtiles) character file.

Game seed: 171355851490980651

49 jagoly the Trooper (level 3, -4/24 HPs)
             Began as a Gargoyle Monk on Jan 27, 2024.
             Slain by Grinder (9 damage)
             ... while paralysed by Grinder
             ... on level 3 of the Dungeon.
             The game lasted 00:03:03 (420 turns).

jagoly the Trooper (Gargoyle Monk)                   Turns: 420, Time: 00:03:03

Health: -4/24      AC:  5    Str: 16    XL:     3   Next: 75%
Magic:  3/3        EV:  2    Int: 10    God:
Gold:   58         SH:  0    Dex: 12    Spells: 2/2 levels left

rFire   . . .        a - +0 hand axe
rCold   . . .        d - orb {light}
rNeg    + . .        b - +0 robe
rPois   ∞            (no helmet)
rElec   +            (no cloak)
rCorr   +            (no gloves)
SInv    .            (no boots)
Will    .....        (no amulet)
Stlth   +            h - ring of resist corrosion
HPRegen 0.24/turn    (no ring)
MPRegen 0.08/turn

%: no passive effects
@: paralysed, glowing
A: sickness immunity, AC +3, negative energy resistance 1, electricity
resistance, torment resistance 1, petrification resistance
a: no special abilities


You were on level 3 of the Dungeon.
You visited 1 branch of the dungeon, and saw 4 of its levels.

You collected 58 gold pieces.

Inventory:

Hand Weapons
 a - a +0 hand axe (weapon)
Missiles
 g - 12 poisoned darts (quivered)
 k - 6 stones
Armour
 b - a +0 robe (worn)
 d - an orb of light (worn)
Jewellery
 h - a ring of resist corrosion (left hand)
Scrolls
 f - a scroll of identify {unknown}
 i - a scroll of revelation {unknown}
 l - a scroll of butterflies {unknown}
Potions
 c - a potion of ambrosia
 e - a potion of curing {unknown}
 j - a potion of lignification {unknown}


   Skills:
 + Level 3.7 Fighting
 * Level 3.5 Axes
 - Level 2.4 Dodging
 + Level 1.7 Stealth


You had 2 spell levels left.
You didn't know any spells.
Your spell library contained the following spells:

 Spells                   Type           Power      Damage    Failure   Level
 Lesser Beckoning         Tloc           0%         N/A       50%         2
 Gell's Gravitas          Tloc           0%         N/A       75%         3
 Teleport Other           Tloc           0%         N/A       75%         3


Dungeon Overview and Level Annotations

Branches:
Dungeon (4/15) Zot: 23567
 Temple: D:4-7

Altars:

Annotations:
D:3 Grinder


Innate Abilities, Weirdness & Mutations

You are immune to sickness and miasma.
Your stone body is resilient. (AC +3)
You are immune to poison.
You resist negative energy. (rN+)
You are resistant to electric shocks. (rElec)
You are resistant to unholy torment.
You are immune to petrification.


Message History

Welcome, jagoly the Gargoyle Monk.
Will you prevail where others failed? Will you find the Orb of Zot?
Press ? for a list of commands and other information.
Found a bubbling emerald potion.
Found a staircase leading out of the dungeon.
e - a bubbling emerald potion You open the door.
There is an open door here.
A bat comes into view.
Found a book of Displacement.
A bat is nearby!
The bat hits you but does no damage.
You barely miss the bat. The bat misses you. The bat barely misses you.
You closely miss the bat. The bat closely misses you.
A jackal comes into view.
The jackal barks!
The bat closely misses you.
The jackal moves out of view.
You hit the bat.
The bat is severely wounded.
The bat hits you but does no damage. x2
A jackal comes into view.
You barely miss the bat.
The bat is severely wounded.
The jackal barks!
You hear a bark!
The bat closely misses you.
A jackal comes into view.
A rat comes into view.
The bat closely misses you.
You hit the bat.
You kill the bat!
You hit the jackal.
The jackal is lightly wounded.
The jackal bites you but does no damage.
A jackal comes into view.
The jackal closely misses you.
The jackal moves out of view.
You hit the jackal.
The jackal is severely wounded.
The jackal bites you.
The jackal barks!
You hit the jackal.
The jackal is moderately wounded.
You hear a shout!
The jackal misses you. x2
You hit the jackal.
You kill the jackal!
You hit the jackal. The jackal closely misses you. x2
You barely miss the jackal.
The jackal is severely wounded.
You barely miss the jackal. The jackal barely misses you.
The jackal bites you but does no damage.
You hit the jackal.
You kill the jackal!
You hit the jackal. The jackal barely misses you.
The jackal bites you but does no damage.
The jackal bites you.
You barely miss the jackal.
The jackal is moderately wounded.
You hit the rat.
You kill the rat!
You hit the jackal but do no damage.
The jackal bites you but does no damage. x2
You slash the jackal!
You kill the jackal!
You hit the jackal. The jackal bites you. The jackal barely misses you.
You hit the jackal.
You kill the jackal!
A hobgoblin comes into view.
You have reached level 2!
A hobgoblin is nearby!
You see here a rat corpse.
An endoplasm comes into view.
Found a scroll labelled KIEMEI ACZAUWK.
Found a stone staircase leading down.
A rat comes into view.
You hit the hobgoblin.
You kill the hobgoblin!
Your Axes skill increases to level 3!
You see here a book of Displacement.
You hit the endoplasm.
You kill the endoplasm!
You hit the rat but do no damage. The rat bites you.
You barely miss the rat. The rat bites you but does no damage.
You hit the rat.
The rat is severely wounded.
The rat misses you.
You hit the rat.
You kill the rat!
No target in view!
No target in view!
You pick up a book of Displacement and begin reading...
You add the spells Lesser Beckoning, Gell's Gravitas and Teleport Other to your library.
Found 5 poisoned darts.
f - a scroll labelled KIEMEI ACZAUWK You see here 5 poisoned darts.
g - 5 poisoned darts
Found an escape hatch in the floor.
Found 17 gold pieces.
There is a stone staircase leading down here.
You now have 17 gold pieces.
There is a stone staircase leading down here.
You climb downwards.
Found a short sword.
There is a stone staircase leading up here.
You open the door.
A goblin comes into view. It is wielding a +0 club.
The goblin shouts!
A goblin is nearby!
There is an open door here.
The goblin hits you with a +0 club.
You hit the goblin.
The goblin is severely wounded.
The goblin hits you with a +0 club.
You barely miss the goblin.
The goblin is severely wounded.
The goblin hits you with a +0 club.
You barely miss the goblin.
The goblin is severely wounded.
The goblin misses you.
You hit the goblin.
You kill the goblin!
No target in view!
No target in view!
You open the door.
There is an open door here.
HP restored.
A goblin comes into view. It is wielding a +0 club.
The goblin shouts!
A goblin is nearby!
A goblin is nearby!
You barely miss the goblin. The goblin hits you with a +0 club.
You hit the goblin.
The goblin is severely wounded.
The goblin closely misses you.
You hit the goblin.
You kill the goblin!
Your Stealth skill increases to level 1!
No target in view!
Things that are here:
a +0 club; a goblin corpse HP restored.
HP restored.
A jackal comes into view.
The jackal barks!
A jackal comes into view.
A ribbon worm comes into view.
You hit the jackal but do no damage. The jackal barely misses you.
You hit the ribbon worm.
The ribbon worm is lightly wounded.
You barely miss the jackal.
The jackal bites you but does no damage.
The ribbon worm bites you. The jackal bites you.
You hit the ribbon worm.
The ribbon worm is lightly wounded.
You hit the jackal but do no damage. The jackal closely misses you.
The ribbon worm bites you. The jackal bites you.
You hit the ribbon worm.
The ribbon worm is moderately wounded.
You hit the jackal but do no damage. The jackal barely misses you.
The ribbon worm expels a string of sticky webbing.
The stream of webbing hits you but does no damage.
You are caught in a web!
The web tears apart.
The jackal misses you. The ribbon worm bites you.
* * * LOW HITPOINT WARNING * * *
The jackal misses you.
You are too injured to fight recklessly!
You are too injured to fight recklessly!
You are too injured to fight recklessly!
You are too injured to fight recklessly!
Cleave: a) +0 hand axe
Press: ? - help, Dir - move target, f - jackal
Aim: a jackal (haloed, about 29% to evade your +0 hand axe)
You barely miss the jackal. The jackal barely misses you.
The jackal misses you.
Cleave: a) +0 hand axe
Press: ? - help, Dir - move target, f/p - jackal
Aim: a jackal (haloed, about 29% to evade your +0 hand axe)
You hit the jackal.
The jackal is almost dead.
The jackal bites you but does no damage.
The jackal barely misses you.
Cleave: a) +0 hand axe
Press: ? - help, Dir - move target, f/p - jackal
Aim: a jackal (almost dead, haloed, about 29% to evade your +0 hand axe)
You hit the jackal but do no damage.
The jackal is almost dead.
The jackal barely misses you.
Cleave: a) +0 hand axe
Press: ? - help, Dir - move target, f/p - jackal
Aim: a jackal (almost dead, haloed, about 29% to evade your +0 hand axe)
You hit the jackal.
You kill the jackal!
Cleave: a) +0 hand axe
Press: ? - help, Dir - move target, f - jackal
Aim: a jackal (haloed, about 29% to evade your +0 hand axe)
You closely miss the jackal. The jackal closely misses you. x2
Cleave: a) +0 hand axe
Press: ? - help, Dir - move target, f/p - jackal
Aim: a jackal (haloed, about 29% to evade your +0 hand axe)
You slash the jackal!
You kill the jackal!
The ribbon worm expels a string of sticky webbing.
The stream of webbing hits you but does no damage.
You are caught in a web!
You cannot attack while caught in a web.
Unknown command.
You cannot attack while caught in a web.
Unknown command.
You cannot attack while caught in a web.
Unknown command.
You struggle to detach yourself from the web.
The ribbon worm expels a string of sticky webbing.
The stream of webbing hits you but does no damage.
You are even more entangled.
You struggle to detach yourself from the web.
You struggle to detach yourself from the web.
You struggle to detach yourself from the web.
The ribbon worm bites you.
* * * LOW HITPOINT WARNING * * *
The web tears apart.
The ribbon worm bites you.
* * * LOW HITPOINT WARNING * * *
You hit the ribbon worm.
The ribbon worm is lightly wounded.
The ribbon worm expels a string of sticky webbing.
The stream of webbing hits you but does no damage.
You are caught in a web!
The web tears apart.
The ribbon worm bites you.
* * * LOW HITPOINT WARNING * * *
You hit the ribbon worm.
The ribbon worm is moderately wounded.
The ribbon worm closely misses you.
You hit the ribbon worm.
The ribbon worm is moderately wounded.
The ribbon worm closely misses you.
You slash the ribbon worm!
The ribbon worm is severely wounded.
The ribbon worm expels a string of sticky webbing.
The stream of webbing hits you but does no damage.
You are caught in a web!
The web tears apart.
You hit the ribbon worm.
The ribbon worm is almost dead.
The ribbon worm completely misses you.
You hit the ribbon worm.
You kill the ribbon worm!
Things that are here:
a ribbon worm corpse; a jackal corpse
Found a tubular tourmaline ring.
h - a ring of resist corrosion
h - a ring of resist corrosion (left hand)
Found a stone staircase leading down.
Found 16 gold pieces.
You now have 33 gold pieces (gained 16).
There is a stone staircase leading down here.
You climb downwards.
There is a stone staircase leading up here. 2 orcs come into view.
The orc shouts!
A frilled lizard comes into view.
An orc comes into view. It is wielding a +0 hand axe.
Found a stone staircase leading down.
The orc shouts!
The frilled lizard hisses angrily.
A rat comes into view.
An orc comes into view. It is wielding a +0 whip.
The orc barely misses you.
The orc shouts!
You hit the orc.
The orc is moderately wounded.
You hit the orc.
The orc is severely wounded.
You hit the orc.
You kill the orc!
You hit the orc.
The orc is severely wounded.
A frilled lizard comes into view.
The orc hits you but does no damage.
The frilled lizard hisses angrily.
You slash the orc!
You kill the orc!
The orc closely misses you.
You hit the orc.
The orc is severely wounded.
The orc closely misses you.
You hit the orc.
You kill the orc!
You have reached level 3!
Your experience leads to an increase in your attributes!
Increase (S)trength, (I)ntelligence, or (D)exterity?
You feel stronger. x2
You hit the frilled lizard.
You kill the frilled lizard!
You barely miss the rat. The rat bites you but does no damage.
You hit the rat.
You kill the rat!
You hit the orc but do no damage. The orc misses you.
You hit the orc but do no damage. The orc barely misses you. x2
You hit the orc.
The orc is moderately wounded.
The orc hits you with a +0 whip.
You hit the orc.
The orc is almost dead.
The orc completely misses you.
You hit the orc.
You kill the orc!
You hit the frilled lizard.
The frilled lizard is heavily wounded.
The frilled lizard closely misses you.
You hit the frilled lizard.
You kill the frilled lizard!
Items here: )))) [ ††††.
Okay, then.
Okay, then.
Found a scroll labelled BOIJEM JUDITA and a smoky brown potion.
Found a leather armour.
i - a scroll labelled BOIJEM JUDITA
j - a smoky brown potion
Found 6 stones.
You see here 6 stones.
k - 6 stones An adder comes into view.
The adder hisses angrily.
An adder is nearby!
The adder bites you. The adder closely misses you.
You hit the adder.
The adder is moderately wounded.
The adder bites you.
You hit the adder but do no damage.
The adder is moderately wounded.
The adder bites you but does no damage. The adder bites you.
You hit the adder.
The adder is heavily wounded.
The adder bites you.
You hit the adder.
The adder is severely wounded.
The adder bites you. The adder bites you but does no damage.
You closely miss the adder.
The adder is severely wounded.
The adder barely misses you.
You slash the adder!
You kill the adder!
No target in view!
Found 11 gold pieces.
A kobold and a giant cockroach come into view.
The kobold is wielding a +0 club and quivering poisoned darts.
The kobold shouts!
The kobold throws a poisoned dart.
The poisoned dart hits you!
The kobold throws a poisoned dart.
The poisoned dart hits you!
You see here 11 gold pieces.
You now have 44 gold pieces (gained 11).
The giant cockroach closely misses you.
You hit the giant cockroach.
The giant cockroach is heavily wounded.
The giant cockroach bites you but does no damage.
The giant cockroach barely misses you.
You hit the giant cockroach.
You kill the giant cockroach!
The kobold closely misses you.
You barely miss the kobold. The kobold misses you.
The kobold hits you with a +0 club.
You hit the kobold.
The kobold is severely wounded.
The kobold closely misses you.
You barely miss the kobold.
The kobold is severely wounded.
The kobold hits you with a +0 club.
You hit the kobold.
You kill the kobold!
No target in view!
No target in view!
g - 12 poisoned darts (gained 7)
You see here a +0 club.
You see here a +0 club.
Found a scroll labelled VIEDAKH XIZXISSI.
l - a scroll labelled VIEDAKH XIZXISSI
Found a stone staircase leading down.
You open the door.
There is an open door here.
You open the door.
There is an open door here.
There is a stone staircase leading down here.
You climb downwards.
There is a stone staircase leading up here.
You climb upwards.
There is a stone staircase leading down here.
There is an open door here.
You open the door.
Found 14 gold pieces.
There is an open door here.
You now have 58 gold pieces (gained 14).
Found an escape hatch in the floor.
A giant cockroach comes into view.
A giant cockroach is nearby!
A kobold comes into view. It is wielding a +0 dagger.
The kobold shouts!
You hear a shout!
You open the door.
An orc comes into view. It is wielding a +0 hand axe.
The giant cockroach completely misses you.
You hit the kobold but do no damage.
You hit the giant cockroach but do no damage.
The kobold hits you but does no damage.
Grinder comes into view.
The giant cockroach bites you but does no damage.
The kobold barely misses you.
You hit the kobold.
The kobold is heavily wounded.
You hit the giant cockroach but do no damage.
The giant cockroach misses you.
Grinder says, "Don't move a muscle."
The kobold hits you but does no damage.
You hit the kobold.
You kill the kobold!
You hit the giant cockroach.
You kill the giant cockroach!
You slash Grinder!
Grinder is moderately wounded.
You hit the orc but do no damage. Grinder barely misses you.
The orc barely misses you.
You hit Grinder.
Grinder is moderately wounded.
You hit the orc. Grinder closely misses you.
The orc hits you with a +0 hand axe.
Cleave: a) +0 hand axe
Press: ? - help, Dir - move target, f - Grinder
Aim: Grinder (moderately wounded, haloed, about 25% to evade your +0 hand axe)
You hit Grinder.
Grinder is heavily wounded.
You hit the orc.
You kill the orc!
Grinder blinks!
Cleave: a) +0 hand axe
Press: ? - help, Dir - move target, f - you, p - Grinder That would be overly suicidal.
Okay, then.
Unknown command.
Found a scroll labelled HAUW SYGA YPRU.
An endoplasm and a goblin come into view.
Grinder gestures at you.
You suddenly lose the ability to move!
You can move again.
Unknown command.
Unknown command.
Unknown command.
Grinder gestures at you.
You shrug off the repeated paralysis!
Cleave: a) +0 hand axe
Press: ? - help, Dir - move target, f - Grinder
Aim: Grinder (heavily wounded, haloed, about 25% to evade your +0 hand axe)
You hit Grinder.
Grinder is heavily wounded.
Grinder hits you but does no damage.
Cleave: a) +0 hand axe
Press: ? - help, Dir - move target, f/p - Grinder
Aim: Grinder (heavily wounded, haloed, about 25% to evade your +0 hand axe)
You barely miss Grinder.
Grinder is heavily wounded.
You hit the endoplasm. The endoplasm closely misses you. Grinder hits you!
You writhe in agony.
The endoplasm completely misses you. Grinder closely misses you.
Cleave: a) +0 hand axe
Press: ? - help, Dir - move target, f/p - Grinder
Aim: Grinder (heavily wounded, haloed, about 25% to evade your +0 hand axe)
You barely miss Grinder.
Grinder is heavily wounded.
You hit the endoplasm.
You kill the endoplasm!
Grinder gestures at you.
You barely resist.
Cleave: a) +0 hand axe
Press: ? - help, Dir - move target, f/p - Grinder
Aim: Grinder (heavily wounded, haloed, about 25% to evade your +0 hand axe)
You hit Grinder but do no damage.
Grinder is heavily wounded.
You hit the goblin.
You kill the goblin!
Grinder hits you but does no damage.
Cleave: a) +0 hand axe
Press: ? - help, Dir - move target, f/p - Grinder
Aim: Grinder (heavily wounded, haloed, about 25% to evade your +0 hand axe)
You hit Grinder.
Grinder is severely wounded.
Grinder gestures at you.
You suddenly lose the ability to move!
Grinder hits you but does no damage. Grinder hits you!
* * * LOW HITPOINT WARNING * * *
You writhe in agony.
* * * LOW HITPOINT WARNING * * *
Grinder hits you!
You die...
Grinder sighs, "Dead already?
I want a refund."

### ..# ########## ..#
?........# ..#
.........## ..#
..........# ..# ........#
..# ........# #
..#############5##.##...#
...............>@)......+
.##############.####....#
+## #)# ...... ... #.#
....# .... #.# #.... ....
..# ...# .... ### ...
..#### .....# ##


You could see Grinder.

Vanquished Creatures
  An adder (D:3)
  A ribbon worm (D:2)
  5 orcs (D:3)
  2 endoplasms
  2 giant cockroaches (D:3)
  A hobgoblin (D:1)
  6 jackals
  A bat (D:1)
  2 frilled lizards (D:3)
  3 goblins
  2 kobolds (D:3)
  3 rats
29 creatures vanquished.

Notes
Turn   | Place    | Note
-------+----------+-------------------------------------------
     0 | D:1      | jagoly the Gargoyle Monk began the quest for the Orb.
     0 | D:1      | Reached XP level 1. HP: 14/14 MP: 1/1
    31 | D:1      | Reached XP level 2. HP: 18/19 MP: 2/2
   123 | D:2      | Reached skill level 1 in Stealth
   224 | D:3      | Reached XP level 3. HP: 23/23 MP: 3/3
   399 | D:3      | Noticed Grinder
   408 | D:3      | Paralysed by Grinder for 3 turns
   417 | D:3      | Paralysed by Grinder for 4 turns
   420 | D:3      | Slain by Grinder

Illustrated notes

Levels and vault maps discovered:
D:1:      heliophobic_arrival_ceremonial_halls, layout_rooms, minmay_ruptured
D:2:      layout_loops_corners, serial_shops, shop
D:3:      layout_basic, uniq_grinder
D:4:      layout_loops_cross, serial_bayou_pond_c

Skill      XL: |  1  2 |
---------------+-------+-----
Axes           | 3 |  3.5
Stealth        | 1 |  1.7
Fighting       | |  3.7
Dodging        | |  2.4

Action                     || total
---------------------------++-------
  Melee: Hand axe          ||    83
 Armour: Robe              ||    50
  Dodge: Dodged            ||    55
